 Dungeon Crawl Stone Soup version 0.20.1-1-g8b1a95d (webtiles) character file.

6563 galech the Grappler (level 10, -1/93 HPs)
             Began as a Troll Monk on July 20, 2017.
             Was an Elder of Okawaru.
             Slain by a crocodile (5 damage)
             ... on level 9 of the Dungeon.
             The game lasted 00:12:59 (7137 turns).

galech the Grappler (Troll Monk)                    Turns: 7137, Time: 00:12:59

Health: -1/93      AC:  6    Str: 24    XL:     10   Next: 70%
Magic:  9/9        EV:  1    Int:  6    God:    Okawaru [****..]
Gold:   573        SH:  0    Dex: 16    Spells: 9/9 levels left

rFire    . . .     SeeInvis .     - Unarmed
rCold    . . .     Gourm    +   (no shield)
rNeg     + + +     Faith    .   a - +1 robe
rPois    ∞         Spirit   .   (helmet restricted)
rElec    .         Reflect  .   C - -1 cloak (curse)
rCorr    .         Harm     .   (gloves unavailable)
MR       .....                  (boots unavailable)
Stlth    +++.......             s - amulet of magic regeneration
Regen    0.7/turn               D - ring of poison resistance
MPRegen  0.2/turn               q - +4 ring of dexterity

@: petrified
A: unfitting armour, claws 3, fast metabolism 3, gourmand, regeneration 1,
shaggy fur 1, tough skin 2
a: Heroism, Renounce Religion


You were on level 9 of the Dungeon.
You worshipped Okawaru.
Okawaru was greatly pleased with you.
You were very full.

You visited 2 branches of the dungeon, and saw 10 of its levels.
You also visited: Ossuary.

You collected 573 gold pieces.

Inventory:

Armour
 a - a +1 robe (worn)
 A - a +0 large shield
 C - a cursed -1 cloak (worn)
Jewellery
 d - an uncursed ring of resist corrosion
 e - an uncursed ring of fire
 q - a +4 ring of dexterity (right claw)
 s - an amulet of magic regeneration (around neck)
 w - an uncursed ring of see invisible
 y - a +5 ring of intelligence
 D - a ring of poison resistance (left claw)
Wands
 m - a wand of flame (29/48)
 B - a wand of flame (7/48)
 K - a wand of iceblast (4/15)
 M - a wand of iceblast (3/15)
 O - a wand of iceblast (13/15)
 R - a wand of paralysis (18/24)
 S - a wand of flame (30/48)
Scrolls
 c - a scroll of amnesia
 g - 3 scrolls of enchant weapon
 n - 2 scrolls of fog
 t - a scroll of identify
 F - a scroll of recharging
 H - 2 scrolls of remove curse
 J - a scroll of teleportation
 N - 2 scrolls of enchant armour
 T - a scroll of magic mapping
Potions
 f - 11 potions of curing {unknown}
 h - 2 potions of magic {unknown}
 i - 3 potions of mutation {unknown}
 j - a potion of brilliance
 k - 5 potions of heal wounds {unknown}
 o - 3 potions of lignification {unknown}
 p - 3 potions of agility {unknown}
 r - 2 potions of might
 x - a potion of degeneration {unknown}
 z - 3 potions of haste {unknown}
 E - 2 potions of flight {unknown}
 G - a potion of cancellation {unknown}
 I - a potion of invisibility {unknown}
 P - 2 potions of ambrosia {unknown}
Books
 v - a book of Misfortune

   Spells                             Type                      Level
   a - Confusing Touch                Hexes                        1
   b - Confuse                        Hexes                        3
   c - Gell's Gravitas                Translocation                3
   d - Petrify                        Transmutation/Earth          4
   e - Metabolic Englaciation         Hexes/Ice                    5
   f - Yara's Violent Unravelling     Hexes/Transmutation          5
 L - a book of Cantrips

   Spells                             Type                      Level
   a - Confusing Touch                Hexes                        1
   b - Animate Skeleton               Necromancy                   1
   c - Summon Small Mammal            Summoning                    1
   d - Apportation                    Translocation                1
Comestibles
 b - 8 bread rations
 l - 3 royal jellies
 u - 5 meat rations
 Q - 12 chunks of flesh


   Skills:
 + Level 4.3 Fighting
 + Level 5.9 Dodging
 + Level 4.9 Stealth
 + Level 12.3 Unarmed Combat


You had 9 spell levels left.
You didn't know any spells.

Dungeon Overview and Level Annotations

Branches:
Dungeon (9/15)             Temple (1/1) D:7
   Lair: D:8-11         Orc: D:9-12

Altars:
Ashenzari
Cheibriados
Dithmenos
Elyvilon
Fedhas
Gozag
Hepliaklqana
Kikubaaqudgha
Makhleb
Nemelex Xobeh
Okawaru
Qazlal
Ru
Trog
Uskayaw
Vehumet
Xom
Yredelemnul
Zin

Shops:
D:6 :


Innate Abilities, Weirdness & Mutations

You are too large for most types of armour.
You have claws for hands.
Your metabolism is lightning-fast.
You like to eat raw meat.
Your natural rate of healing is unusually fast.
You are covered in fur. (AC +1)
You have very tough skin. (AC +2)


Message History

The basilisk gazes at you.
You are slowing down.
The crocodile barely misses you.
Your limbs are stiffening.
The iguana bites you.
You have turned to stone.
The iguana bites you! The crocodile bites you. The iguana bites you.
The crocodile bites you. The iguana bites you! The crocodile bites you!
* * * LOW HITPOINT WARNING * * *
The crocodile bites you!
* * * LOW HITPOINT WARNING * * *
The basilisk bites you!
* * * LOW HITPOINT WARNING * * *
The crocodile bites you!!
* * * LOW HITPOINT WARNING * * *
The basilisk gazes at you. You resist with some effort.
The crocodile bites you.
* * * LOW HITPOINT WARNING * * *
The basilisk barely misses you. The crocodile bites you!
You die...

#..# #..# .# .# .
##..## #.##.## .. ##
..<..####.#...# . .#.
##...##........ .....
#.............#
..#.#.##.÷##......#.###
..........##l.........#
...#..<#..@t....#.#
###...##l....#.#
##.###.......#
#.##....########.#
#.#...††.........#
........†..######.#
##......(..#####
#.............#
#..............


You could see a basilisk, a crocodile and an iguana.

Vanquished Creatures
  A two-headed ogre (D:8)
  Erica (D:8)
  Pikel (D:7)
  Joseph (D:8)
  Grinder (D:4)
  A hippogriff (D:8)
  5 yaks (D:9)
  A basilisk (D:9)
  Edmund (D:6)
  Menkaure (D:5)
  The ghost of torrenera the Magician, an amateur DEAE (Ossuary)
  An orc warrior (D:7)
  2 porcupines (D:9)
  3 ice beasts
  A slave (D:7)
  5 ogres
  3 wolves (D:9)
  3 centaurs
  6 bullfrogs
  Blork the orc (D:5)
  A scorpion (D:6)
  2 electric eels (D:8)
  2 crimson imps
  3 hounds
  2 jellies
  4 orc wizards
  Crazy Yiuf (D:5)
  A bullfrog skeleton (D:5)
  A centaur skeleton (D:8)
  Jessica (D:3)
  2 worker ants
  A big kobold zombie (Ossuary)
  A hound skeleton (D:7)
  8 mummies (Ossuary)
  A worker ant zombie (D:6)
  Robin (D:3)
  8 adders
  A shadow imp (D:4)
  An ooze (D:3)
  An adder skeleton (D:5)
  6 worms
  3 dart slugs
  3 leopard geckos
  33 orcs
  A ball python (D:2)
  9 bats
  6 giant cockroaches
  8 hobgoblins
  12 jackals
  10 kobolds
  4 quokkas
  5 frilled lizards
  2 gnoll zombies (Ossuary)
  12 goblins
  3 hobgoblin zombies (Ossuary)
  A jackal skeleton (D:5)
  A kobold zombie (Ossuary)
  An orc zombie (Ossuary)
  A quokka skeleton (D:7)
  10 rats
214 creatures vanquished.

Vanquished Creatures (others)
  A hound zombie (D:7)
  A jackal (D:7)
  A fungus (D:9)
  A plant (D:9)
4 creatures vanquished.

Grand Total: 218 creatures vanquished

Notes
Turn   | Place    | Note
-------+----------+-------------------------------------------
     0 | D:1      | galech the Troll Monk began the quest for the Orb.
     0 | D:1      | Reached XP level 1. HP: 22/22 MP: 0/0
   129 | D:1      | Reached XP level 2. HP: 29/29 MP: 1/1
   810 | D:2      | Reached XP level 3. HP: 35/36 MP: 2/2
  1082 | D:2      | Reached skill level 4 in Unarmed Combat
  1130 | D:2      | Reached XP level 4. HP: 44/44 MP: 3/3
  1238 | D:2      | Found a bloodstained altar of Trog.
  1550 | D:3      | Noticed Robin
  1561 | D:3      | Killed Robin
  1703 | D:3      | Found a blossoming altar of Fedhas.
  1749 | D:3      | Found a faded altar of an unknown god.
  1778 | D:3      | Noticed Jessica
  1781 | D:3      | Killed Jessica
  1800 | D:3      | Reached XP level 5. HP: 49/52 MP: 4/4
  1823 | D:3      | Found a hazy altar of Hepliaklqana.
  2649 | D:4      | Noticed an ogre
  2653 | D:4      | Noticed Grinder
  2659 | D:4      | Killed an ogre
  2659 | D:4      | Reached skill level 5 in Unarmed Combat
  2659 | D:4      | Reached XP level 6. HP: 59/59 MP: 5/5
  2664 | D:4      | Paralysed by Grinder for 7 turns
  2673 | D:4      | Killed Grinder
  2673 | D:4      | Reached skill level 6 in Unarmed Combat
  2814 | D:4      | Reached XP level 7. HP: 64/67 MP: 6/6
  2971 | D:4      | Found a snail-covered altar of Cheibriados.
  3132 | D:4      | Found a burning altar of Makhleb.
  3249 | D:5      | Entered Level 5 of the Dungeon
  3249 | D:5      | Noticed Menkaure
  3280 | D:5      | Killed Menkaure
  3280 | D:5      | Reached skill level 7 in Unarmed Combat
  3306 | D:5      | Noticed Blork the orc
  3316 | D:5      | Killed Blork the orc
  3424 | D:5      | Found a sparkling altar of Nemelex Xobeh.
  3610 | D:5      | Reached XP level 8. HP: 75/75 MP: 7/7
  3656 | D:5      | Found a white marble altar of Elyvilon.
  3739 | D:5      | Found a runed door.
  3743 | D:5      | Noticed Crazy Yiuf
  3748 | D:5      | Killed Crazy Yiuf
  4212 | D:6      | Found a sand-covered staircase.
  4221 | Ossuary  | Entered an ossuary
  4232 | Ossuary  | Noticed torrenera's ghost (amateur DEAE)
  4253 | Ossuary  | Killed torrenera's ghost
  4253 | Ossuary  | Reached skill level 8 in Unarmed Combat
  4556 | D:6      | Noticed Edmund
  4578 | D:6      | Killed Edmund
  4716 | D:6      | Found Usaegiv's Book Shop.
  4800 | D:7      | Found a staircase to the Ecumenical Temple.
  4815 | D:7      | Reached skill level 9 in Unarmed Combat
  4844 | Temple   | Entered the Ecumenical Temple
  5056 | Temple   | Became a worshipper of Warmaster Okawaru
  5056 | Temple   | Reached * piety under Okawaru
  5056 | Temple   | Reached ** piety under Okawaru
  5230 | D:7      | Reached XP level 9. HP: 80/83 MP: 8/8
  5523 | D:7      | Noticed Pikel
  5534 | D:7      | Killed Pikel
  5534 | D:7      | Reached skill level 5 in Dodging
  5664 | D:7      | Reached skill level 10 in Unarmed Combat
  5954 | D:8      | Noticed Erica
  5963 | D:8      | Killed Erica
  5963 | D:8      | Reached *** piety under Okawaru
  5993 | D:8      | Reached skill level 11 in Unarmed Combat
  5997 | D:8      | Reached XP level 10. HP: 44/92 MP: 9/9
  6074 | D:8      | Found a hide-covered altar of Uskayaw.
  6078 | D:8      | Noticed a dagger
  6079 | D:8      | Noticed a dagger
  6099 | D:8      | Found a sacrificial altar of Ru.
  6129 | D:8      | Found a transporter.
  6147 | D:8      | Found a transporter.
  6207 | D:8      | Found a shadowy altar of Dithmenos.
  6547 | D:8      | Noticed a two-headed ogre
  6555 | D:8      | Killed a two-headed ogre
  6555 | D:8      | Reached **** piety under Okawaru
  6555 | D:8      | Received a gift from Okawaru
  6862 | D:8      | Noticed Joseph
  6875 | D:8      | Killed Joseph
  6939 | D:9      | Reached skill level 12 in Unarmed Combat
  7111 | D:9      | Received a gift from Okawaru
  7135 | D:9      | HP: 4/93 [crocodile (9)]
  7137 | D:9      | Slain by a crocodile

Skill      XL: |  1  2  3  4  5  6  7  8  9 10 |
---------------+-------------------------------+-----
Unarmed Combat | 4 5 6 7 9 11 12 | 12.3
Dodging        | 3 4 5 |  5.9
Fighting       | 3 4 |  4.3
Stealth        | 2 3 4 |  4.9

Action                   |  1- 3 |  4- 6 |  7- 9 | 10-12 || total
-------------------------+-------+-------+-------+-------++-------
Melee: Unarmed           |   103 |   126 |   242 |   113 ||   584
       Punch             |     1 |     1 |     8 |     6 ||    16
Invok: Heroism           |       |       |       |     1 ||     1
  Use: Scroll            |     2 |     3 |     4 |     3 ||    12
       Potion            |       |       |     2 |       ||     2
 Stab: Sleeping          |     1 |     5 |    12 |     5 ||    23
       Distracted        |       |       |     2 |       ||     2
  Eat: Chunk             |    16 |    15 |    27 |    12 ||    70
Armor: Robe              |    56 |    36 |    50 |    19 ||   161
Dodge: Dodged            |    55 |    55 |   113 |    60 ||   283
